 Dungeon Crawl Stone Soup version 0.24-a0-249-g2af7e83 (webtiles) character file.

Game seed: 18315190654733147215

262 Gorice the Insei (level 6, -3/50 HPs)
             Began as a Gnoll Wanderer on Apr 13, 2019.
             Killed by divine providence
             ... invoked by an orc priest
              (9 damage)
             ... on level 3 of the Dungeon.
             The game lasted 00:11:12 (3178 turns).

Gorice the Insei (Gnoll Wanderer)                   Turns: 3178, Time: 00:11:13

Health: -3/50      AC:  8    Str: 14    XL:     6   Next: 18%
Magic:  8/8        EV: 11    Int: 17    God:
Gold:   182        SH:  0    Dex: 14    Spells: 8/8 levels left

rFire    . . .     SeeInvis .   a - +0 falchion
rCold    . . .     Gourm    .   (no shield)
rNeg     . . .     Faith    .   l - +0 scale mail
rPois    .         Spirit   .   i - +1 helmet
rElec    .         Reflect  .   (no cloak)
rCorr    .         Harm     .   (no gloves)
MR       .....                  (no boots)
Stlth    +.........             (no amulet)
HPRegen  0.16/turn              (no ring)
MPRegen  0.11/turn              (no ring)

@: no status effects
A: distributed training, fangs 1, strong nose
a: no special abilities


You were on level 3 of the Dungeon.
You were not hungry.

You visited 1 branch of the dungeon, and saw 3 of its levels.

You collected 182 gold pieces.

Inventory:

Hand Weapons
 a - a +0 falchion (weapon)
 b - a +0 halberd
 m - a +0 battleaxe
Missiles
 Y - 44 stones (quivered)
Armour
 e - a +0 robe
 i - a +1 helmet (worn)
 l - a +0 scale mail (worn)
Jewellery
 F - an uncursed ring of fire
Scrolls
 g - a scroll of fear {unknown}
 k - a scroll of enchant armour
 o - a scroll of remove curse {unknown}
Potions
 c - a potion of berserk rage
 d - a potion of lignification {!q}
 h - a potion of cancellation {!q}
 n - a potion of mutation {unknown}
Comestibles
 f - 10 rations


   Skills:
 + Level 4.9 Fighting
 + Level 3.1 Short Blades
 + Level 1.8 Long Blades
 + Level 1.8 Axes
 + Level 1.8 Maces & Flails
 + Level 1.8 Polearms
 + Level 1.8 Staves
 + Level 1.8 Slings
 + Level 1.8 Bows
 + Level 1.8 Crossbows
 + Level 1.8 Throwing
 + Level 1.8 Armour
 + Level 4.9 Dodging
 + Level 3.0 Stealth
 + Level 3.1 Shields
 + Level 4.9 Unarmed Combat
 + Level 1.8 Spellcasting
 + Level 1.4 Conjurations
 + Level 1.4 Hexes
 + Level 1.4 Charms
 + Level 1.4 Summonings
 + Level 1.4 Necromancy
 + Level 1.4 Translocations
 + Level 1.4 Transmutations
 + Level 1.4 Fire Magic
 + Level 1.4 Ice Magic
 + Level 1.4 Air Magic
 + Level 1.4 Earth Magic
 + Level 1.4 Poison Magic
 + Level 2.0 Invocations
 + Level 3.1 Evocations


You had 8 spell levels left.
You didn't know any spells.
Your spell library was empty.

Dungeon Overview and Level Annotations

Branches:
Dungeon (3/15)

Altars:


Innate Abilities, Weirdness & Mutations

Your experience applies equally to all skills.
You have very sharp teeth.
Your uncanny sense of smell can sniff out nearby items.


Message History

You hit the orc. You punch the orc.
You kill the orc!
The orc hits you but does no damage.
You hit the orc priest. You bite the orc priest.
The orc priest is lightly wounded.
The orc priest barely misses you. The orc hits you but does no damage.
Unknown command.
You hit the orc priest.
The orc priest is moderately wounded.
The orc barely misses you.
The orc priest calls down the wrath of Beogh upon you.
Beogh smites you!
An orc opens the door.
The orc priest hits you with a +0 whip. The orc closely misses you.
The orc shouts!
Damage: 18 (max 18)
You barely miss the orc priest.
The orc priest is moderately wounded.
The orc priest invokes the aid of Beogh against you.
Pain shoots through your body! The orc hits you but does no damage.
Damage: 8 (max 18)
You hit the orc priest.
The orc priest is heavily wounded.
The orc priest mumbles some strange prayers to Beogh against you.
Pain shoots through your body!
* * * LOW HITPOINT WARNING * * *
The orc hits you with a +0 short sword.
* * * LOW HITPOINT WARNING * * *
Damage: 7 (max 18)
You hit the orc priest.
The orc priest is almost dead.
The orc hits you with a +0 short sword.
* * * LOW HITPOINT WARNING * * *
The orc priest mumbles some strange prayers to Beogh against you.
Pain shoots through your body!
* * * LOW HITPOINT WARNING * * *
Damage: 7 (max 18)
You completely miss the orc priest.
You bite the orc priest, but do no damage.
The orc priest is almost dead.
The orc priest casts a cantrip, but nothing happens.
The orc misses you.
Unknown command.
You closely miss the orc priest.
The orc priest is almost dead.
The orc priest closely misses you. The orc hits you but does no damage.
The orc hits you.
* * * LOW HITPOINT WARNING * * *
The orc priest calls down the wrath of Beogh upon you.
Beogh smites you!
You die...

##.#+## ......# ......#
......# ......# ########
.....<# #......# #######
......# #......# ..(....
......###......##o...###
####...)'......'@o...'..
######......#.o...###
#####......#.....+ .#
#..........#.....# .#
#.....######..#..#
#####.....#### ...#..#
.............# #... ...
####.........# #### ###
...'.........#


You could see an orc priest and 2 orcs.

Vanquished Creatures
  An orc wizard (D:3)
  Terence (D:2)
  Natasha (twice) (D:2)
  3 adders
  4 gnolls
  A worm (D:2)
  3 dart slugs
  A leopard gecko (D:2)
  4 orcs (D:3)
  6 giant cockroaches
  8 goblins
  8 hobgoblins
  7 jackals
  8 kobolds
  A quokka (D:3)
  10 bats
  2 frilled lizards
  11 rats
81 creatures vanquished.

Notes
Turn   | Place    | Note
-------+----------+-------------------------------------------
     0 | D:1      | Gorice the Gnoll Wanderer began the quest for the Orb.
     0 | D:1      | Gorice set off with the following items: a +0 falchion, a
                  | scroll of blinking, a potion of berserk rage, a potion of
                  | lignification {!q}, a +0 robe, a ration
     0 | D:1      | Reached XP level 1. HP: 20/20 MP: 2/2
   115 | D:1      | Reached XP level 2. HP: 26/26 MP: 3/3
   266 | D:1      | Reached XP level 3. HP: 26/31 MP: 4/4
   676 | D:1      | Reached skill level 1 in Invocations
   763 | D:2      | Reached skill level 1 in Long Blades
   763 | D:2      | Reached skill level 1 in Axes
   763 | D:2      | Reached skill level 1 in Maces & Flails
   763 | D:2      | Reached skill level 1 in Polearms
   763 | D:2      | Reached skill level 1 in Staves
   763 | D:2      | Reached skill level 1 in Slings
   763 | D:2      | Reached skill level 1 in Bows
   763 | D:2      | Reached skill level 1 in Crossbows
   763 | D:2      | Reached skill level 1 in Throwing
   763 | D:2      | Reached skill level 1 in Armour
   763 | D:2      | Reached skill level 1 in Spellcasting
   783 | D:2      | Reached XP level 4. HP: 33/38 MP: 6/6
   961 | D:2      | Noticed Terence
   991 | D:2      | Killed Terence
   991 | D:2      | Reached skill level 1 in Conjurations
   991 | D:2      | Reached skill level 1 in Hexes
   991 | D:2      | Reached skill level 1 in Charms
   991 | D:2      | Reached skill level 1 in Summonings
   991 | D:2      | Reached skill level 1 in Necromancy
   991 | D:2      | Reached skill level 1 in Translocations
   991 | D:2      | Reached skill level 1 in Transmutations
   991 | D:2      | Reached skill level 1 in Fire Magic
   991 | D:2      | Reached skill level 1 in Ice Magic
   991 | D:2      | Reached skill level 1 in Air Magic
   991 | D:2      | Reached skill level 1 in Earth Magic
   991 | D:2      | Reached skill level 1 in Poison Magic
  1213 | D:2      | Noticed Natasha
  1222 | D:2      | HP: 11/38 [shadow imp[Natasha] (1)]
  1227 | D:2      | HP: 1/38 [shadow imp/nerve-wracking pain[Natasha] (8)]
  1596 | D:2      | Reached XP level 5. HP: 42/43 MP: 7/7
  1828 | D:2      | HP: 9/43 [Natasha (4)]
  1829 | D:2      | Killed Natasha
  1961 | D:2      | Noticed Natasha
  2075 | D:2      | Killed Natasha
  2075 | D:2      | Reached skill level 3 in Short Blades
  2075 | D:2      | Reached skill level 3 in Shields
  2075 | D:2      | Reached skill level 3 in Evocations
  2893 | D:3      | Reached skill level 2 in Invocations
  2893 | D:3      | Reached XP level 6. HP: 18/50 MP: 8/8
  2897 | D:3      | Reached skill level 3 in Stealth
  3175 | D:3      | HP: 15/50 [orc priest/nerve-wracking pain (7)]
  3176 | D:3      | HP: 7/50 [orc priest/nerve-wracking pain (6)]
  3178 | D:3      | Killed from afar by an orc priest

Levels and vault maps discovered:
D:1:      dpeg_arrival_prison, layout_rooms, minmay_bisected
D:2:      layout_rooms, chequers_serial_rivers_micro_d, uniq_terence,
          uniq_natasha
D:3:      layout_basic, first_ration, uniq_jessica, uniq_grinder

Skill      XL: |  1  2  3  4  5  6 |
---------------+-------------------+-----
Invocations    | 1 2 |  2.0
Long Blades    | 1 |  1.8
Axes           | 1 |  1.8
Maces & Flails | 1 |  1.8
Polearms       | 1 |  1.8
Staves         | 1 |  1.8
Slings         | 1 |  1.8
Bows           | 1 |  1.8
Crossbows      | 1 |  1.8
Throwing       | 1 |  1.8
Armour         | 1 |  1.8
Spellcasting   | 1 |  1.8
Conjurations   | 1 |  1.4
Hexes          | 1 |  1.4
Charms         | 1 |  1.4
Summonings     | 1 |  1.4
Necromancy     | 1 |  1.4
Translocations | 1 |  1.4
Transmutations | 1 |  1.4
Fire Magic     | 1 |  1.4
Ice Magic      | 1 |  1.4
Air Magic      | 1 |  1.4
Earth Magic    | 1 |  1.4
Poison Magic   | 1 |  1.4
Short Blades   | 3 |  3.1
Shields        | 3 |  3.1
Evocations     | 3 |  3.1
Stealth        | 3 |  3.0
Fighting       | |  4.9
Dodging        | |  4.9
Unarmed Combat | |  4.9

Action                   |  1- 3 |  4- 6 || total
-------------------------+-------+-------++-------
Melee: Falchion          |   106 |   224 ||   330
       Bite              |    19 |    30 ||    49
       Punch             |     2 |     4 ||     6
Throw: Stone             |       |     8 ||     8
  Use: Scroll            |     4 |     3 ||     7
 Stab: Sleeping          |     2 |       ||     2
  Eat: Chunk             |       |     8 ||     8
Armor: Robe              |    15 |       ||    15
       Scale mail        |    19 |   108 ||   127
Dodge: Dodged            |   101 |   167 ||   268
       Rpst.: Falchion   |    36 |    39 ||    75

Table legend:
 A = Non-vault XP
 B = Vault XP
 C = Vault XP percentage of total XP
 D = Non-vault monster count
 E = Vault monster count
 F = Vault count percentage of total count
                 A         B        C        D         E       F
            +---------+---------+-------+---------+---------+-------
      Total |     284 |      91 |  24.3 |      70 |      11 |  13.6
            +---------+---------+-------+---------+---------+-------
        D:1 |      53 |      18 |  25.4 |      26 |       9 |  25.7
        D:2 |     109 |      73 |  40.1 |      27 |       2 |   6.9
        D:3 |     122 |       0 |   0.0 |      17 |       0 |   0.0
            +---------+---------+-------+---------+---------+-------

Table legend:
 A = Turns spent in this place as a percentage of turns spent in the entire game.
 B = Non-inter-level travel turns spent in this place as a percentage of non-inter-level travel turns spent in the entire game.
 C = Inter-level travel turns spent in this place as a percentage of turns spent in this place.
 D = Turns resting spent in this place as a percentage of non-inter-level travel turns spent in this place.
 E = Turns spent auto-exploring this place as a percentage of non-inter-level travel turns spent in this place.
 F = Non-inter-level travel turns spent in this place divided by the number of levels of this place that you've seen.
                   A       B       C       D       E      F
               +-------+-------+-------+-------+-------+----------------------
         Total | 100.0 | 100.0 |   2.9 |  42.3 |  22.0 | 1028.3
       Dungeon | 100.0 | 100.0 |   2.9 |  42.3 |  22.0 | 1028.3
               +-------+-------+-------+-------+-------+----------------------

Levels and vault maps discovered:
D:1:      dpeg_arrival_prison, layout_rooms, minmay_bisected
D:2:      layout_rooms, chequers_serial_rivers_micro_d, uniq_terence,
          uniq_natasha
D:3:      layout_basic, first_ration, uniq_jessica, uniq_grinder
